Map: 环轨星港

Players

EldestSon - Winner!

  • Race: Zerg Zerg
  • League: Platinum

shengy

  • Race: Zerg Zerg
  • League: Platinum

VOD

Have the link to the VOD?

Description

Time

  • Played on: Dec. 23, 2015, 4:50 p.m.
  • Length: 10:49
Show
View Real Time Build Order
Export as new Build Order

EldestSon Zerg - Winner!

Build Orders: Pool First 

Get SALT Encoding   

  12  0:01  Drone  
  13  0:13  Overlord  
  13  0:20  Drone  
  14  0:34  Drone x2  
  16  0:43  Spawning Pool  
  15  0:54  Drone  
  15  0:56  Drone, Extractor  
  16  1:00  Overlord  
  16  1:13  Drone  
  17  1:29  Queen  
  17  1:31  Zergling x4  
  21  1:49  Drone  
  22  1:58  Metabolic Boost  
  22  2:01  Zergling x2  
  23  2:19  Baneling Nest  
  23  2:20  Zergling x4  
  24  2:24  Overlord  
  24  2:35  Drone  
  25  2:39  Zergling x4  
  25  2:40  Zergling x2  
  28  2:47  Zergling x2  
  21  3:14  Zergling x10  
  25  3:20  Queen  
  22  3:42  Baneling x2  
  22  3:51  Zergling x4  
  24  3:56  Roach Warren  
  24  4:02  Zergling x2  
  24  4:12  Hatchery  
  24  4:13  Queen  
  14  4:33  Drone  
  14  4:34  Drone x4  
  14  4:35  Baneling  
  19  4:50  Roach  
  21  5:04  Roach x2  
  21  5:05  Zergling x2  
  26  5:11  Drone  
  27  5:15  Zergling x2  
  28  5:26  Drone x3  
  31  5:39  Drone x4  
  35  5:46  Drone  
  36  5:55  Drone x2  
  38  6:03  Drone x2  
  40  6:14  Extractor  
  40  6:15  Drone x2  
  40  6:16  Drone x2  
  40  6:17  Overlord  
  43  6:27  Overlord  
  43  6:30  Overlord x2  
  43  6:40  Drone x3  
  46  6:48  Drone x2  
  48  7:01  Lair  
  48  7:02  Drone x2  
  48  7:03  Drone x3  
  51  7:38  Roach  
  51  7:39  Roach x7  
  66  7:52  Roach x4  
  74  8:02  Extractor  
  74  8:03  Extractor  
  72  8:13  Drone x2  
  72  8:14  Hydralisk Den  
  73  8:21  Drone x3  
  76  8:27  Glial Reconstitution  
  76  8:34  Overlord  
  76  8:35  Overlord x4  
  72  8:49  Evolution Chamber  
  72  8:50  Evolution Chamber, Zergling x2  
  72  8:51  Zergling x6  
  72  9:08  Roach x3  
  72  9:09  Roach x2  
  79  9:20  Hydralisk x3  
  79  9:24  Overseer, Spore Crawler  
  84  9:25  Overseer  
  84  9:27  Spore Crawler  
  83  9:36  Hydralisk x4  
  91  10:08  Hatchery  
  90  10:20  Hydralisk x4  
  90  10:21  Hydralisk x5  
Show
View Real Time Build Order
Export as new Build Order

shengy Zerg 

Build Orders: Pool First, Zergling Baneling 

Get SALT Encoding   

  12  0:00  Drone  
  13  0:22  Spawning Pool  
  13  0:25  Extractor  
  11  0:28  Drone  
  11  0:33  Drone  
  13  0:42  Overlord  
  13  0:50  Drone  
  14  1:13  Zergling x2  
  14  1:14  Zergling x4  
  17  1:19  Queen  
  19  1:26  Zergling x2  
  19  1:31  Metabolic Boost  
  20  1:40  Zergling x2  
  21  1:47  Zergling x2  
  22  1:59  Baneling Nest  
  21  2:08  Zergling x2  
  21  2:11  Overlord  
  22  2:24  Overlord  
  22  2:47  Baneling x3  
  19  3:16  Zergling x12  
  22  3:43  Zergling x4  
  24  3:48  Baneling x2  
  24  3:49  Baneling  
  24  3:51  Baneling  
  24  3:52  Baneling  
  24  3:57  Drone  
  25  4:06  Baneling  
  17  4:35  Drone x2  
  17  4:36  Drone x3  
  22  4:45  Hatchery  
  22  4:49  Roach Warren, Drone  
  21  4:53  Burrow  
  21  5:03  Baneling  
  21  5:13  Drone  
  22  5:16  Baneling  
  22  5:27  Drone  
  23  5:29  Extractor  
  22  5:37  Drone  
  22  5:39  Drone x2  
  25  5:56  Overlord  
  25  6:00  Overlord  
  25  6:01  Drone  
  25  6:02  Drone  
  25  6:03  Queen  
  29  6:10  Lair  
  29  6:19  Drone x4  
  33  6:26  Drone x2  
  35  6:44  Drone x2  
  35  6:46  Drone x4  
  41  6:47  Extractor  
  41  6:54  Zergling x2  
  41  7:06  Drone  
  42  7:09  Glial Reconstitution  
  42  7:11  Overlord  
  42  7:20  Roach x6  
  53  7:26  Roach  
  53  7:29  Roach  
  52  7:31  Roach x2  
  52  7:34  Roach x3  
  52  7:35  Roach x2  
  58  8:03  Extractor  
  58  8:04  Spire  
  56  8:16  Overlord x2  
  56  8:29  Drone x5  
  56  8:30  Drone x4  
  65  8:34  Roach x10  
  65  8:41  Roach x10  
  65  8:43  Roach x10  
  65  8:51  Roach x10  
  61  9:06  Roach x8  
  61  9:10  Roach x7  
  57  9:18  Mutalisk x5  
  57  9:19  Mutalisk x2  
  57  9:23  Zergling x2  
  72  9:27  Roach x6  
  70  9:36  Queen  
  72  9:44  Baneling  
  72  9:45  Baneling  
  66  9:59  Zergling x14  
  72  10:00  Zergling x2  
  70  10:24  Roach x2, Overlord x2  
  70  10:25  Zergling x8  
  70  10:26  Zergling x2  
Tags
 
Add a new tag
Caveats
  • Supply blocks, unpowered buildings, or Contaminate may cause inaccurate times.
  • Supply counts are checked every 10 seconds.